Map: Ruins of Endion

Players

blackxored

  • Race: Zerg Zerg
  • League: Diamond

willy - Winner!

  • Race: Zerg Zerg
  • League: Platinum

VOD

Have the link to the VOD?

Description

Time

  • Played on: July 2, 2016, 3:09 a.m.
  • Length: 12:30
Show
View Real Time Build Order
Export as new Build Order

blackxored Zerg 

Build Orders: Pool First, Zergling Baneling 

Get SALT Encoding   

  12  0:01  Drone  
  13  0:08  Drone  
  14  0:16  Extractor  
  14  0:17  Drone  
  14  0:33  Spawning Pool  
  13  0:38  Drone  
  14  0:46  Overlord  
  14  0:53  Extractor  
  14  0:55  Drone  
  15  1:07  Drone  
  15  1:08  Drone  
  17  1:19  Queen  
  17  1:22  Drone  
  20  1:29  Overlord  
  20  1:36  Metabolic Boost  
  20  1:46  Drone  
  21  1:51  Zergling x2  
  22  2:00  Baneling Nest, Zergling x2  
  23  2:08  Zergling x2  
  23  2:20  Zergling x2, Spine Crawler  
  23  2:29  Zergling x8  
  27  2:39  Zergling x2  
  28  3:02  Zergling x4  
  30  3:08  Baneling x6  
  30  3:11  Overlord  
  22  4:01  Zergling x12  
  26  4:15  Hatchery  
  25  4:17  Overlord  
  25  4:22  Queen  
  27  4:25  Baneling x2  
  27  4:28  Baneling x2  
  26  4:44  Zergling x2, Baneling x2  
  26  4:45  Zergling x6  
  29  4:57  Queen  
  28  5:08  Zergling x10  
  28  5:13  Baneling x2  
  28  5:14  Baneling  
  31  5:15  Zergling x2  
  32  5:23  Drone  
  32  5:25  Evolution Chamber  
  32  5:39  Drone x3  
  35  5:53  Zerg Melee Weapons Level 1  
  35  5:54  Drone x2  
  35  5:55  Drone x3  
  40  6:09  Drone x2  
  42  6:14  Drone x2  
  43  6:26  Zergling x8  
  45  6:36  Drone x2  
  47  6:43  Drone x3  
  47  6:44  Drone  
  47  6:45  Overlord  
  51  6:59  Drone  
  51  7:11  Lair  
  51  7:16  Hatchery  
  51  7:20  Overlord  
  51  7:21  Overlord  
  50  7:24  Zergling x16  
  57  7:41  Zergling x8  
  57  7:42  Zergling x4  
  62  7:52  Zerg Ground Armor Level 1  
  62  7:54  Zergling x6  
  62  7:55  Zergling x2  
  66  8:05  Extractor  
  65  8:08  Extractor, Drone x5  
  65  8:09  Drone  
  65  8:10  Extractor  
  69  8:13  Zergling x2  
  69  8:18  Zergling x6  
  69  8:32  Zergling x8  
  73  8:40  Drone x2  
  75  8:41  Drone x3  
  75  8:42  Queen  
  79  9:00  Zergling x14  
  68  9:20  Zergling x16  
  68  9:21  Spire  
  72  9:30  Zergling x2  
  72  9:31  Zergling x2  
  74  9:41  Spine Crawler x2  
  74  9:42  Spine Crawler  
  74  9:44  Spine Crawler  
  68  9:49  Zergling x6  
  68  9:50  Zergling x6  
  64  10:08  Zergling x12  
  30  10:32  Mutalisk x3  
  30  10:33  Mutalisk  
  36  10:40  Queen  
  36  10:46  Spine Crawler  
  36  10:47  Mutalisk, Spine Crawler  
  36  10:48  Spine Crawler  
  33  10:50  Spine Crawler  
  33  10:52  Mutalisk  
Show
View Real Time Build Order
Export as new Build Order

willy Zerg - Winner!

Build Orders: Pool First, Zergling Baneling 

Get SALT Encoding   

  12  0:01  Drone  
  13  0:10  Drone  
  14  0:22  Overlord  
  14  0:29  Extractor, Drone  
  14  0:30  Extractor, Drone  
  15  0:48  Spawning Pool  
  15  0:50  Drone  
  15  0:52  Drone  
  16  1:01  Overlord  
  16  1:35  Zergling x6  
  19  1:40  Metabolic Boost  
  19  1:44  Queen  
  21  1:47  Zergling x2  
  22  1:59  Baneling Nest  
  22  2:00  Zergling x2  
  22  2:08  Zergling x2  
  23  2:23  Overlord  
  22  2:43  Drone x2  
  24  2:56  Hatchery  
  22  3:00  Zergling x6  
  22  3:03  Queen  
  27  3:13  Baneling x2  
  27  3:18  Baneling x5  
  26  3:41  Zergling x2  
  26  3:42  Zergling x4  
  28  3:57  Zergling x2  
  29  4:05  Drone  
  29  4:09  Baneling x2  
  30  4:10  Baneling  
  30  4:27  Baneling x3  
  30  4:30  Baneling x2  
  30  4:31  Baneling  
  30  4:32  Drone x4  
  30  4:33  Drone  
  34  4:38  Extractor  
  32  5:01  Zergling x6  
  33  5:19  Drone x3  
  33  5:20  Drone x6  
  42  5:26  Roach Warren  
  41  5:32  Drone  
  42  5:43  Zergling x2  
  42  5:44  Extractor  
  42  5:49  Drone  
  44  5:50  Drone  
  44  5:52  Overlord x3  
  44  6:23  Drone  
  44  6:24  Drone x5  
  47  6:35  Roach x2  
  51  6:42  Lair  
  51  6:49  Evolution Chamber  
  51  6:50  Evolution Chamber  
  51  6:52  Roach x3  
  55  6:57  Roach  
  57  7:07  Zergling x2  
  57  7:08  Zergling x6  
  60  7:16  Zerg Missile Weapons Level 1, Zerg Ground Armor Level 1  
  60  7:20  Drone x5  
  65  7:30  Roach  
  65  7:34  Hatchery  
  66  7:38  Drone  
  66  7:39  Drone, Hatchery  
  66  7:40  Overlord x2  
  67  7:50  Baneling x3  
  67  7:58  Glial Reconstitution  
  67  7:59  Roach  
  67  8:00  Roach x4  
  77  8:19  Roach x3  
  83  8:23  Spore Crawler  
  83  8:24  Spore Crawler  
  83  8:25  Overlord x3  
  77  8:36  Roach x3  
  83  8:42  Overlord x2  
  82  9:10  Zerg Melee Weapons Level 1  
  81  9:20  Roach x4  
  81  9:21  Roach x8  
  105  9:24  Baneling x5  
  105  9:25  Baneling  
  105  9:36  Zergling x6  
  108  10:00  Baneling x2  
  108  10:03  Baneling  
  85  10:21  Drone x3  
  85  10:22  Drone x8  
  85  10:26  Extractor  
  93  10:33  Roach x5  
  103  10:42  Hatchery  
  92  11:13  Roach  
  92  11:14  Hydralisk Den, Roach x9  
  92  11:15  Roach  
  71  11:51  Hydralisk x9  
  85  12:06  Hydralisk x4  
  93  12:10  Spore Crawler  
  93  12:15  Drone  
Tags
 
Add a new tag
Caveats
  • Supply blocks, unpowered buildings, or Contaminate may cause inaccurate times.
  • Supply counts are checked every 10 seconds.